 Dungeon Crawl Stone Soup version 0.31-a0-252-gc4385922b5 (webtiles) character file.

Game seed: 15999673318452690192

59 qw the Shooter (level 4, -3/26 HPs)
             Began as a Gargoyle Hexslinger on July 12, 2023.
             Slain by Sigmund
             ... wielding a +1 scythe of protection
              (7 damage)
             ... on level 3 of the Dungeon.
             The game lasted 00:00:33 (1430 turns).

qw the Shooter (Gargoyle Hexslinger)                Turns: 1430, Time: 00:00:34

Health: -3/26      AC:  5    Str: 11    XL:     4   Next: 3%
Magic:  5/5        EV: 12    Int: 14    God:
Gold:   52         SH:  0    Dex: 14    Spells: 4/5 levels left

rFire   . . .        Y - +3 sling
rCold   . . .        (no shield)
rNeg    + . .        c - +0 robe
rPois   inf          (no helmet)
rElec   +            (no cloak)
rCorr   .            (no gloves)
SInv    .            (no boots)
Will    .....        (no amulet)
Stlth   +            (no ring)
HPRegen 0.24/turn    (no ring)
MPRegen 0.09/turn

%: no passive effects
@: no status effects
A: sickness immunity, AC +3, negative energy resistance 1, electricity
resistance, torment resistance 1, petrification resistance
a: no special abilities


You were on level 3 of the Dungeon.
You visited 1 branch of the dungeon, and saw 3 of its levels.

You collected 52 gold pieces.


Innate Abilities, Weirdness & Mutations

You are immune to sickness and miasma.
Your stone body is resilient. (AC +3)
You are immune to poison.
You resist negative energy. (rN+)
You are resistant to electric shocks. (rElec)
You are resistant to unholy torment.
You are immune to petrification.


   Skills:
 - Level 2.0 Fighting
 + Level 3.8 Ranged Weapons
 - Level 1.5 Dodging
 - Level 1.0 Spellcasting
 - Level 2.6 Hexes


You had 4 spell levels left.
You knew the following spells:

 Your Spells              Type           Power      Damage    Failure   Level
a - Slow                  Hex            32%        N/A       9%          1

Your spell library contained the following spells:

 Spells                   Type           Power      Damage    Failure   Level
 Inner Flame              Hex/Fire       4%         N/A       41%         3
 Portal Projectile        Hex/Tloc       8%         N/A       41%         3
 Cause Fear               Hex            4%         N/A       65%         4

Inventory:

Hand Weapons
 Y - a +3 sling (weapon)
Armour
 c - a +0 robe (worn)
Scrolls
 a - a scroll of teleportation {unknown}
Potions
 e - a potion of curing
 g - a potion of invisibility {unknown}
 h - a potion of enlightenment

Dungeon Overview and Level Annotations

Branches:
Dungeon (3/15)

Altars:

Annotations:
D:3 Sigmund


Message History

Sigmund gestures at you while chanting. The puff of flame misses you.
You shoot a sling bullet.
The sling bullet closely misses Sigmund.
Sigmund says, "Now you see me, now you don't..."
Sigmund casts a spell at you. The magic dart hits you.
You shoot a sling bullet.
The sling bullet hits Sigmund but does no damage.
Sigmund is lightly wounded.
Sigmund points at you and mumbles some strange words.
The puff of flame hits you.
You shoot a sling bullet.
The sling bullet hits Sigmund but does no damage.
Sigmund is lightly wounded.
You shoot a sling bullet. The sling bullet barely misses Sigmund.
Sigmund hits you from afar with a +1 scythe of protection!
You shoot a sling bullet. The sling bullet barely misses Sigmund.
Sigmund hits you but does no damage.
You shoot a sling bullet.
The sling bullet closely misses Sigmund.
Sigmund hits you from afar with a +1 scythe of protection!
You shoot a sling bullet. The sling bullet barely misses Sigmund.
You shoot a sling bullet. The sling bullet hits Sigmund.
Sigmund is lightly wounded.
Sigmund barely misses you.
You shoot a sling bullet. The sling bullet barely misses Sigmund.
Sigmund looks at you with fury. Sigmund casts a spell at you.
The puff of flame misses you.
You shoot a sling bullet. The sling bullet barely misses Sigmund.
Sigmund barely misses you.
You shoot a sling bullet. The sling bullet hits Sigmund.
Sigmund is moderately wounded.
Sigmund mumbles some strange words.
Sigmund flickers and vanishes!
Deactivating autopickup; reactivate with Ctrl-A.
You shoot a sling bullet. Something hits you!
You die...

### #####.#####
#.........#
#.........#######
#........@.{.....
###.........#######
#...#.......#
#.#.........#
#.#.........#
#.#........)##
#.#...<.......
#.##.##.###...
#.%... .#


There were no monsters in sight!

Vanquished Creatures
  An adder (D:2)
  A gnoll (D:1)
  A worm (D:2)
  A dart slug (D:2)
  An orc (D:3)
  2 endoplasms (D:2)
  2 giant cockroaches
  A goblin (D:2)
  4 hobgoblins
  5 kobolds
  4 quokkas (D:1)
  3 ball pythons
  3 bats
  3 frilled lizards
  A rat (D:2)
33 creatures vanquished.

Notes
Turn   | Place    | Note
-------+----------+-------------------------------------------
     0 | D:1      | qw the Gargoyle Hexslinger began the quest for the Orb.
     0 | D:1      | Reached XP level 1. HP: 12/12 MP: 2/2
     0 | D:1      | 0 ||| qw: Version: 0.3-a-52-g30416fa
     0 | D:1      | 0 ||| qw: Game counter: 6628
     0 | D:1      | 0 ||| qw: Melee chars always use a shield: true
     0 | D:1      | 0 ||| qw: God list: Okawaru
     0 | D:1      | 0 ||| qw: Allow faded altars: false
     0 | D:1      | 0 ||| qw: Do Orc after clearing Dungeon:15 true
     0 | D:1      | 0 ||| qw: Do second Lair branch before Depths: true
     0 | D:1      | 0 ||| qw: Lair rune preference: random
     0 | D:1      | 0 ||| qw: Goals: Normal
     0 | D:1      | 0 ||| PLANNING D:1-11
   164 | D:1      | Reached skill level 3 in Ranged Weapons
   164 | D:1      | Reached XP level 2. HP: 16/16 MP: 3/3
   466 | D:1      | Reached XP level 3. HP: 21/21 MP: 4/4
   602 | D:1      | 602 ||| READING scroll labelled BAORGH ZETT.
   603 | D:1      | 603 ||| READING scroll labelled LUUBOM COXTOLU.
   604 | D:1      | 604 ||| READING scroll labelled ROWKOYDGHID.
   605 | D:1      | 605 ||| DRINKING 3 sedimented brown potions.
   606 | D:1      | 606 ||| DRINKING 2 black potions.
   607 | D:1      | 607 ||| DROPPING scroll of poison.
   736 | D:2      | Found a faded altar of an unknown god.
   805 | D:2      | 805 ||| READING scroll of enchant weapon.
   805 | D:2      | 805 ||| ENCHANTING +2 sling.
   887 | D:2      | 887 ||| FLEEEEING.
  1359 | D:2      | 1359 ||| READING scroll labelled XIOS IFU ILIFF.
  1374 | D:3      | Reached XP level 4. HP: 26/26 MP: 5/5
  1375 | D:3      | 1375 ||| STAIRDANCE
  1412 | D:3      | Noticed Sigmund
  1416 | D:3      | 1416 ||| DRINKING 3 potions of curing.
  1416 | D:3      | 1416 ||| (to cure confusion)
  1418 | D:3      | 1418 ||| DRINKING 2 potions of curing.
  1418 | D:3      | 1418 ||| (to cure confusion)
  1424 | D:3      | HP: 2/26 [Sigmund/+1 scythe of protection (10)]
  1430 | D:3      | Slain by Sigmund

Levels and vault maps discovered:
D:1:      scummos_arrival_star, layout_basic
D:2:      layout_loops_ring, basic_ecumenical_altar
D:3:      layout_loops_cross, serial_shops, nicolae_shop_hallway_plus,
          uniq_sigmund

Skill      XL: |  1  2  3 |
---------------+----------+-----
Ranged Weapons | 3 |  3.8
Fighting       | 2 |  2.0
Dodging        | |  1.5
Spellcasting   | |  1.0
Hexes          | |  2.6

Action                     |  1- 3 |  4- 6 || total
---------------------------+-------+-------++-------
   Fire: Sling             |    93 |    18 ||   111
    Use: Scroll            |     5 |       ||     5
         Potion            |     2 |     2 ||     4
 Armour: Robe              |    13 |     1 ||    14
  Dodge: Dodged            |    31 |     6 ||    37

Table legend:
 A = Non-vault XP
 B = Vault XP
 C = Vault XP percentage of total XP
 D = Non-vault monster count
 E = Vault monster count
 F = Vault count percentage of total count
                 A         B        C        D         E       F
            +---------+---------+-------+---------+---------+-------
      Total |      85 |       0 |   0.0 |      33 |       0 |   0.0
            +---------+---------+-------+---------+---------+-------
        D:1 |      37 |       0 |   0.0 |      15 |       0 |   0.0
        D:2 |      44 |       0 |   0.0 |      16 |       0 |   0.0
        D:3 |       4 |       0 |   0.0 |       2 |       0 |   0.0
            +---------+---------+-------+---------+---------+-------
